HSSL
RANDALL HS RAIDERS @ DUBLIN JEROME HS CELTICS
04/21/2023
 
TOP OF THE 1ST
Randall HS Raiders batting - Pitching for Dublin Jerome HS Celtics : RHP Gary Wilson
Pitching: RHP Gary Wilson
Batting: RHB Earl Godwin 0-0: Called Strike
0-1: Ball
1-1: Ball
2-1: Swinging Strike
2-2: Strikes out swinging
Batting: LHB Bo Rush 0-0: Called Strike
0-1: Foul Ball, location: 2F
0-2: Ball
1-2: Ball
2-2: Ball
3-2: Strikes out looking
Batting: LHB Carlos Valentín 0-0: Ball
1-0: Called Strike
1-1: Foul Ball, location: 2F
1-2: Strikes out swinging
Top of the 1st over - 0 run(s), 0 hit(s), 0 error(s), 0 left on base; Randall HS 0 - Dublin Jerome HS 0
BOTTOM OF THE 1ST
Dublin Jerome HS Celtics batting - Pitching for Randall HS Raiders : LHP Eric Fisher
Pitching: LHP Eric Fisher
Batting: RHB Chris Boone 0-0: Ball
1-0: Foul Ball, location: 2F
1-1: Called Strike
1-2: Foul Ball, location: 2F
1-2: SINGLE (Groundball, 3S) (infield hit)
Batting: LHB Bill Bryan 0-0: Called Strike
0-1: Ball
1-1: Foul Ball, location: 2F
1-2: Strikes out swinging
Batting: SHB Nick Cox 0-0: Ball
1-0: Ball
2-0: Ball
3-0: Base on Balls
Chris Boone to second
Batting: RHB Dylan Warren 0-0: Ball
1-0: Called Strike
1-1: Foul Ball, location: 2F
1-2: Foul Ball, location: 2F
1-2: Ball
2-2: Ball
3-2: Foul Ball, location: 2F
3-2: DOUBLE (Line Drive, 5D)
Chris Boone scores
Nick Cox to third
Batting: LHB Patrick Ferguson 0-0: SINGLE (Line Drive, 9LS)
Nick Cox scores
Dylan Warren to third
Batting: RHB Mitchell Darragh 0-0: Called Strike
0-1: Ground out 2-3 (Groundball, 25)
Patrick Ferguson to second
Batting: SHB Tim Mullen 0-0: Foul Ball, location: 2F
0-1: Ball
1-1: Foul Ball, location: 2F
1-2: DOUBLE (Line Drive, 89S)
Dylan Warren scores
Patrick Ferguson scores
Batting: LHB Ángel Santos 0-0: Called Strike
0-1: Swinging Strike
0-2: Strikes out swinging
Bottom of the 1st over - 4 run(s), 4 hit(s), 0 error(s), 1 left on base; Randall HS 0 - Dublin Jerome HS 4
TOP OF THE 2ND
Randall HS Raiders batting - Pitching for Dublin Jerome HS Celtics : RHP Gary Wilson
Batting: RHB Rod Daniels 0-0: Ball
1-0: Ground out U3 (Groundball, 3S)
Batting: RHB Bryant von Bohlen 0-0: Foul Ball, location: 2F
0-1: Called Strike
0-2: Ball
1-2: Foul Ball, location: 2F
1-2: Strikes out looking
Batting: SHB Bryan Long 0-0: Called Strike
0-1: Hit by Pitch
Pinch Runner at 1st Cristián Rodríguez:
Batting: RHB Tim Glendonwyn 0-0: Ball
1-0: Called Strike
1-1: Called Strike
1-2: Ball
2-2: Ball
3-2: Base on Balls
Cristián Rodríguez to second
Batting: RHB Paul Liddle 0-0: Foul Ball, location: 2F
0-1: Ball
1-1: Foul Ball, location: 2F
1-2: Ball
2-2: Strikes out swinging
Top of the 2nd over - 0 run(s), 0 hit(s), 0 error(s), 2 left on base; Randall HS 0 - Dublin Jerome HS 4
BOTTOM OF THE 2ND
Dublin Jerome HS Celtics batting - Pitching for Randall HS Raiders : LHP Eric Fisher
Now at 2B: Cristián Rodríguez
Batting: SHB Mac Jones 0-0: Called Strike
0-1: Called Strike
0-2: Ball
1-2: Strikes out swinging
Batting: RHB Chris Boone 0-0: Called Strike
0-1: Called Strike
0-2: Strikes out swinging
Batting: LHB Bill Bryan 0-0: Foul Ball, location: 2F
0-1: Fly out, F4 (Popup, 34D)
Bottom of the 2nd over - 0 run(s), 0 hit(s), 0 error(s), 0 left on base; Randall HS 0 - Dublin Jerome HS 4
TOP OF THE 3RD
Randall HS Raiders batting - Pitching for Dublin Jerome HS Celtics : RHP Gary Wilson
Batting: LHB Tom Craft 0-0: Called Strike
0-1: Foul Ball, location: 2F
0-2: Foul Ball, location: 2F
0-2: Ball
1-2: Strikes out swinging
Batting: RHB Earl Godwin 0-0: Called Strike
0-1: Ball
1-1: Fly out, F9 (Flyball, 9S)
Batting: LHB Bo Rush 0-0: Called Strike
0-1: Called Strike
0-2: Foul Ball, location: 2F
0-2: Strikes out swinging
Top of the 3rd over - 0 run(s), 0 hit(s), 0 error(s), 0 left on base; Randall HS 0 - Dublin Jerome HS 4
BOTTOM OF THE 3RD
Dublin Jerome HS Celtics batting - Pitching for Randall HS Raiders : LHP Eric Fisher
Batting: SHB Nick Cox 0-0: Ball
1-0: Foul Ball, location: 2F
1-1: Ball
2-1: Foul Ball, location: 2F
2-2: Fly out, F3 (Popup, 3SF)
Batting: RHB Dylan Warren 0-0: Ball
1-0: Swinging Strike
1-1: Ball
2-1: Called Strike
2-2: Fly out, F4 (Popup, 34D)
Batting: LHB Patrick Ferguson 0-0: SINGLE (Line Drive, 89M)
Batting: RHB Mitchell Darragh 0-0: Ball
1-0: Foul Ball, location: 2F
1-1: Foul Ball, location: 2F
1-2: Strikes out swinging
Bottom of the 3rd over - 0 run(s), 1 hit(s), 0 error(s), 1 left on base; Randall HS 0 - Dublin Jerome HS 4
TOP OF THE 4TH
Randall HS Raiders batting - Pitching for Dublin Jerome HS Celtics : RHP Gary Wilson
Batting: LHB Carlos Valentín 0-0: Called Strike
0-1: Ball
1-1: Called Strike
1-2: Ball
2-2: Ball
3-2: Fly out, F8 (Flyball, 8LM)
Batting: RHB Rod Daniels 0-0: Ball
1-0: Called Strike
1-1: Foul Ball, location: 2F
1-2: Strikes out swinging
Batting: RHB Bryant von Bohlen 0-0: Foul Ball, location: 2F
0-1: SINGLE (Groundball, 4MD)
Batting: LHB Cristián Rodríguez 0-0: Ball
1-0: Called Strike
1-1: Foul Ball, location: 2F
1-2: Foul Ball, location: 2F
1-2: Strikes out swinging
Top of the 4th over - 0 run(s), 1 hit(s), 0 error(s), 1 left on base; Randall HS 0 - Dublin Jerome HS 4
BOTTOM OF THE 4TH
Dublin Jerome HS Celtics batting - Pitching for Randall HS Raiders : LHP Eric Fisher
Batting: SHB Tim Mullen 0-0: Ball
1-0: Foul Ball, location: 2F
1-1: Foul Ball, location: 2F
1-2: Reached on error, E6 (Groundball, 6M)
Batting: LHB Ángel Santos 0-0: Ball
1-0: Ball
Wild Pitch!
Tim Mullen to third
2-0: SINGLE (Line Drive, 9LM)
Tim Mullen scores
Batting: SHB Mac Jones 0-0: Grounds into double play, 5-4-3 (Groundball, 56)
Batting: RHB Chris Boone 0-0: Ball
1-0: Ground out 5-3 (Groundball, 56S)
Bottom of the 4th over - 1 run(s), 1 hit(s), 1 error(s), 0 left on base; Randall HS 0 - Dublin Jerome HS 5
TOP OF THE 5TH
Randall HS Raiders batting - Pitching for Dublin Jerome HS Celtics : RHP Gary Wilson
Batting: RHB Tim Glendonwyn 0-0: Called Strike
0-1: Ball
1-1: Foul Ball, location: 2F
1-2: Foul Ball, location: 2F
1-2: SINGLE (Line Drive, 89S)
Batting: RHB Paul Liddle 0-0: Ball
1-0: Ball
2-0: Fly out, F9 (Line Drive, 9S)
Batting: LHB Tom Craft 0-0: Ball
1-0: Ball
2-0: Ball
3-0: Called Strike
3-1: Reached on Error, E7 (Flyball, 78M)
Tim Glendonwyn to second
Batting: RHB Earl Godwin 0-0: Foul Ball, location: 2F
0-1: Swinging Strike
0-2: Ball
1-2: Ball
2-2: Foul Ball, location: 2F
2-2: Strikes out looking
Pitching: RHP Brian Atkins
Batting: LHB Bo Rush 0-0: Ball
1-0: Ball
2-0: Called Strike
2-1: Foul Ball, location: 2F
2-2: Ball
3-2: SINGLE (Line Drive, 5L)
Tim Glendonwyn to third
Tom Craft to second
Tim Glendonwyn scores
Tom Craft to third
Batting: LHB Carlos Valentín 0-0: Called Strike
0-1: SINGLE (Groundball, 4MD)
Tom Craft scores
Bo Rush to second
Batting: RHB Rod Daniels 0-0: Ball
1-0: Called Strike
1-1: Foul Ball, location: 2F
1-2: Ball
2-2: Ball
3-2: Strikes out swinging
Top of the 5th over - 2 run(s), 3 hit(s), 1 error(s), 2 left on base; Randall HS 2 - Dublin Jerome HS 5
BOTTOM OF THE 5TH
Dublin Jerome HS Celtics batting - Pitching for Randall HS Raiders : LHP Eric Fisher
Batting: LHB Bill Bryan 0-0: Swinging Strike
0-1: Called Strike
0-2: Fly out, F5 (Popup, 5F)
Batting: SHB Nick Cox 0-0: Foul Ball, location: 2F
0-1: Ball
1-1: Called Strike
1-2: Ball
2-2: Foul Ball, location: 2F
2-2: Fly out, F7 (Line Drive, 7S)
Batting: RHB Dylan Warren 0-0: Fly out, F7 (Line Drive, 78M)
Bottom of the 5th over - 0 run(s), 0 hit(s), 0 error(s), 0 left on base; Randall HS 2 - Dublin Jerome HS 5
TOP OF THE 6TH
Randall HS Raiders batting - Pitching for Dublin Jerome HS Celtics : RHP Brian Atkins
Batting: RHB Bryant von Bohlen 0-0: SOLO HOME RUN (Flyball, 78XD), Distance : 438 ft
Batting: LHB Cristián Rodríguez 0-0: Called Strike
0-1: Swinging Strike
0-2: Foul Ball, location: 2F
0-2: Ball
1-2: Ball
2-2: Ball
3-2: Base on Balls
Batting: RHB Tim Glendonwyn 0-0: Grounds into double play, 5-4-3 (Groundball, 5L)
Batting: RHB Paul Liddle 0-0: Called Strike
0-1: SINGLE (Flyball, 8RS)
Batting: LHB Tom Craft 0-0: Ball
1-0: Ball
2-0: Called Strike
2-1: Ball
3-1: Base on Balls
Paul Liddle to second
Batting: RHB Earl Godwin 0-0: Called Strike
0-1: Called Strike
0-2: Ball
1-2: Ball
2-2: Ball
3-2: Base on Balls
Paul Liddle to third
Tom Craft to second
Batting: LHB Bo Rush 0-0: SINGLE (Line Drive, 6MD)
Paul Liddle scores
Tom Craft to third
Earl Godwin to second
Runner from 3rd tries for Home, SAFE, no throw or cutoff
Pitching: LHP Jeffery Mitchell
Batting: LHB Carlos Valentín 0-0: Called Strike
0-1: Ball
1-1: Fielders Choice at 2nd, U6 (Groundball, 6M)
Top of the 6th over - 3 run(s), 3 hit(s), 0 error(s), 2 left on base; Randall HS 5 - Dublin Jerome HS 5
BOTTOM OF THE 6TH
Dublin Jerome HS Celtics batting - Pitching for Randall HS Raiders : LHP Eric Fisher
Batting: LHB Patrick Ferguson 0-0: Ball
1-0: Foul Ball, location: 2F
1-1: Swinging Strike
1-2: Strikes out swinging
Batting: RHB Mitchell Darragh 0-0: Called Strike
0-1: Ball
1-1: Ball
2-1: Swinging Strike
2-2: Foul Ball, location: 2F
2-2: Ground out 6-3 (Groundball, 6)
Batting: SHB Tim Mullen 0-0: Ball
1-0: Ball
2-0: Ground out 3-1 (Groundball, 34S)
Bottom of the 6th over - 0 run(s), 0 hit(s), 0 error(s), 0 left on base; Randall HS 5 - Dublin Jerome HS 5
TOP OF THE 7TH
Randall HS Raiders batting - Pitching for Dublin Jerome HS Celtics : LHP Jeffery Mitchell
Batting: RHB Rod Daniels 0-0: Ball
1-0: Fly out, F9 (Flyball, 9LMF)
Batting: RHB Bryant von Bohlen 0-0: Called Strike
0-1: Swinging Strike
0-2: Ball
1-2: Foul Ball, location: 2F
1-2: Strikes out swinging
Batting: LHB Cristián Rodríguez 0-0: Ball
1-0: Called Strike
1-1: Ball
2-1: Called Strike
2-2: Ball
3-2: Foul Ball, location: 2F
3-2: Base on Balls
Batting: RHB Tim Glendonwyn 0-0: Ball
1-0: Foul Ball, location: 2F
1-1: Ball
2-1: Ball
3-1: Base on Balls
Cristián Rodríguez to second
Batting: RHB Paul Liddle 0-0: Called Strike
0-1: Called Strike
0-2: Ball
1-2: Strikes out swinging
Top of the 7th over - 0 run(s), 0 hit(s), 0 error(s), 2 left on base; Randall HS 5 - Dublin Jerome HS 5
BOTTOM OF THE 7TH
Dublin Jerome HS Celtics batting - Pitching for Randall HS Raiders : LHP Eric Fisher
Pitching: LHP John Polk
Batting: LHB Ángel Santos 0-0: Ball
1-0: Ground out 4-3 (Groundball, 4)
Batting: SHB Mac Jones 0-0: Ball
1-0: Fly out, F8 (Flyball, 8LXD)
Batting: RHB Chris Boone 0-0: Swinging Strike
0-1: Fly out, F9 (Flyball, 89M)
Bottom of the 7th over - 0 run(s), 0 hit(s), 0 error(s), 0 left on base; Randall HS 5 - Dublin Jerome HS 5
TOP OF THE 8TH
Randall HS Raiders batting - Pitching for Dublin Jerome HS Celtics : LHP Jeffery Mitchell
Batting: LHB Tom Craft 0-0: Fly out, F4 (Popup, 34D)
Batting: RHB Earl Godwin 0-0: Ball
1-0: Called Strike
1-1: Fly out, F9 (Flyball, 9LD)
Batting: LHB Bo Rush 0-0: Foul Ball, location: 2F
0-1: Called Strike
0-2: Foul Ball, location: 2F
0-2: Foul Ball, location: 2F
0-2: SINGLE (Groundball, 13) (infield hit)
Pitching: LHP Pat Kirby
Batting: LHB Carlos Valentín 0-0: Ball
1-0: Foul Ball, location: 2F
1-1: Ball
2-1: 2-RUN HOME RUN (Flyball, 9D), Distance : 380 ft
Batting: RHB Rod Daniels 0-0: DOUBLE (Groundball, 5L)
Batting: RHB Bryant von Bohlen 0-0: Fly out, F7 (Flyball, 7M)
Top of the 8th over - 2 run(s), 3 hit(s), 0 error(s), 1 left on base; Randall HS 7 - Dublin Jerome HS 5
BOTTOM OF THE 8TH
Dublin Jerome HS Celtics batting - Pitching for Randall HS Raiders : LHP John Polk
Batting: LHB Bill Bryan 0-0: Called Strike
0-1: Ball
1-1: Ground out 3-1 (Groundball, 34)
Batting: SHB Nick Cox 0-0: Ball
1-0: Foul Ball, location: 2F
1-1: DOUBLE (Flyball, 89D)
Pitching: RHP Millard Manning
Batting: RHB Dylan Warren 0-0: Ball
1-0: Foul Ball, location: 2F
1-1: Hit by Pitch
Batting: LHB Patrick Ferguson 0-0: Ball
1-0: Ball
2-0: Ball
3-0: Called Strike
3-1: Foul Ball, location: 2F
3-2: Foul Ball, location: 2F
3-2: Fly out, F7 (Flyball, 7M)
Batting: RHB Mitchell Darragh 0-0: Ball
1-0: Swinging Strike
1-1: Foul Ball, location: 2F
1-2: Ball
2-2: Strikes out looking
Bottom of the 8th over - 0 run(s), 1 hit(s), 0 error(s), 2 left on base; Randall HS 7 - Dublin Jerome HS 5
TOP OF THE 9TH
Randall HS Raiders batting - Pitching for Dublin Jerome HS Celtics : LHP Pat Kirby
Pitching: RHP Desi Morris
Batting: LHB Cristián Rodríguez 0-0: Foul Ball, location: 2F
0-1: Swinging Strike
0-2: SOLO HOME RUN (Flyball, 9D), Distance : 379 ft
Batting: RHB Tim Glendonwyn 0-0: Ball
1-0: Swinging Strike
1-1: Ball
2-1: Swinging Strike
2-2: Foul Ball, location: 2F
2-2: Fly out, F7 (Flyball, 7D)
Batting: RHB Paul Liddle 0-0: Called Strike
0-1: Ball
1-1: Called Strike
1-2: Ball
2-2: Strikes out swinging
Batting: LHB Tom Craft 0-0: Called Strike
0-1: Called Strike
0-2: Foul Ball, location: 2F
0-2: Ball
1-2: Strikes out swinging
Top of the 9th over - 1 run(s), 1 hit(s), 0 error(s), 0 left on base; Randall HS 8 - Dublin Jerome HS 5
BOTTOM OF THE 9TH
Dublin Jerome HS Celtics batting - Pitching for Randall HS Raiders : RHP Millard Manning
Pitching: RHP Ben Hepworth
Batting: SHB Tim Mullen 0-0: Foul Ball, location: 2F
0-1: Foul Ball, location: 2F
0-2: Ball
1-2: Foul Ball, location: 2F
1-2: Ball
2-2: Strikes out looking
Batting: LHB Ángel Santos 0-0: Ball
1-0: DOUBLE (Flyball, 8LS)
Batting: SHB Mac Jones 0-0: Ball
1-0: Foul Ball, location: 2F
1-1: Ball
2-1: Ball
3-1: Swinging Strike
3-2: Strikes out looking
Batting: RHB Chris Boone 0-0: Swinging Strike
0-1: Called Strike
0-2: Strikes out swinging
Bottom of the 9th over - 0 run(s), 1 hit(s), 0 error(s), 1 left on base; Randall HS 8 - Dublin Jerome HS 5
This league is powered by Out of the Park Baseball, the baseball management simulation game for PC, Mac and Linux
Wednesday, December 2nd, 2015 - OOTP Baseball 16.8 Build 38